AoeStats
← Governor1234

Arabia

510196207Analyzed
1v1 RM · 3d ago on Sep 29, 2026· 34m 49s· 2 players
Game mode
Random Map
Map size
Tiny (2 player)
Population
200
Speed
Normal
Resources
Standard
Victory
Conquest
Starting age
Dark Age
Ending age
Imperial Age
RankedLock teamsTeams togetherTeam positionsShared explorationLock speedFull tech treeHidden civsTurbo modeCheats
Victory
Defeat
🇺🇸 Maya · United States
644
+18
🇨🇳 Franks · China
694
-42
Cabito town
0:35 Loom
10:23 Feudal Age
11:39 Wheelbarrow
12:17 Double-Bit Axe
12:14 Horse Collar
19:57 Castle Age
18:52 Fletching
19:02 Padded Archer Armor
20:48 Town Watch
21:22 Bow Saw
20:42 Crossbowman
23:19 Gold Mining
23:19 Stone Mining
24:32 Stone Mining
27:09 Bodkin Arrow
27:45 Thumb Ring
29:25 Heavy Plow
29:55 Leather Archer Armor
30:06 Ballistics
30:49 Forging
30:39 Scale Mail Armor
31:22 Hand Cart
31:30 Town Patrol
32:53 Iron Casting
32:33 Chain Mail Armor
37:01 Imperial Age
Governor1234
5:17 Loom
13:13 Feudal Age
15:08 Man-at-Arms
16:02 Double-Bit Axe
16:32 Scale Barding Armor
18:53 Forging
21:09 Wheelbarrow
20:21 Town Watch
20:45 Scale Mail Armor
22:22 Gold Mining
23:33 Arson
26:50 Castle Age
30:25 Hand Cart
30:13 Town Patrol
33:33 Gold Mining
33:34 Stone Mining
34:06 Bow Saw
33:30 Light Cavalry
34:18 Husbandry
Connection lost

Rejoining the realm…

Still unreachable

The connection could not be restored.

Session expired

The server has moved on; the page needs a fresh start.